 Dungeon Crawl Stone Soup version 0.25-a0-869-g05d4e06a41 (webtiles) character file.

Game seed: 11143402929202386198, levelgen mode: deterministic

8015 Mgcat the Spear-Bearer (level 11, -22/79 HPs)
             Began as a Mummy Fighter on Apr 30, 2020.
             Was a High Priest of Okawaru.
             Killed by dispel undead
             ... invoked by Josephine
              (25 damage)
             ... on level 11 of the Dungeon.
             The game lasted 00:16:35 (10431 turns).

Mgcat the Spear-Bearer (Mummy Fighter)             Turns: 10431, Time: 00:16:36

Health: -22/79     AC: 25    Str: 23    XL:     11   Next: 4%
Magic:  15/15      EV:  6    Int:  7    God:    Okawaru [*****.]
Gold:   497        SH:  0    Dex: 12    Spells: 10/10 levels left

rFire    x . .     SeeInvis +   g - +8 glaive of the Guard {elec, +Rage AC+5 SInv}
rCold    + + .     Gourm    .   (shield currently unavailable)
rNeg     + + +     Faith    .   q - +2 plate armour {rC+}
rPois    ∞         Spirit   .   p - +0 helmet
rElec    .         Reflect  .   n - +0 cloak
rCorr    +         Harm     .   (no gloves)
MR       +....                  i - +0 pair of boots
Stlth    ..........             (no amulet)
HPRegen  0.23/turn              m - +3 ring of protection
MPRegen  0.14/turn              e - ring of resist corrosion

@: no status effects
A: no food or potions, fire vulnerability, cold resistance 1, negative energy
resistance 3, torment resistance, unbreathing
a: Heroism, Finesse, Renounce Religion


You were on level 11 of the Dungeon.
You worshipped Okawaru.
Okawaru was extremely pleased with you.
You were not hungry.

You visited 2 branches of the dungeon, and saw 12 of its levels.

You collected 745 gold pieces.
You spent 248 gold pieces at shops.

Inventory:

Hand Weapons
 g - the +8 glaive of the Guard (weapon) {elec, +Rage AC+5 SInv}
   (You found it on level 6 of the Dungeon)

   Occasionally, upon striking a foe, it will discharge some electrical energy
   and cause terrible harm.
   It affects your AC (+5).
   It lets you see invisible.
   It lets you go berserk.
Armour
 i - a +0 pair of boots (worn)
   (You found it on level 8 of the Dungeon)
 n - a +0 cloak (worn)
   (You took it off Maurice on level 8 of the Dungeon)
 p - a +0 helmet (worn)
   (You found it on level 9 of the Dungeon)
 q - a +2 plate armour of cold resistance (worn)
   (You took it off an orc warrior on level 9 of the Dungeon)
Jewellery
 e - a ring of resist corrosion (right hand)
   (You found it on level 1 of the Dungeon)
 m - a +3 ring of protection (left hand)
   (You found it on level 5 of the Dungeon)
Wands
 c - a wand of disintegration (5)
   (You found it on level 8 of the Dungeon)
 j - a wand of polymorph (4)
   (You found it on level 10 of the Dungeon)
 s - a wand of paralysis (7)
   (You found it on level 10 of the Dungeon)
Scrolls
 a - a scroll of fear
 b - a scroll of amnesia
 d - 10 scrolls of teleportation
 f - a scroll of identify
 h - 2 scrolls of magic mapping {!r}
 k - a scroll of remove curse
 l - 6 scrolls of fog
 o - a scroll of blinking {!r}
 u - a scroll of enchant weapon
Miscellaneous
 r - a phial of floods
   (You found it on level 10 of the Dungeon)


   Skills:
 - Level 5.0 Fighting
   Level 5.2(8.5) Axes
 + Level 10.4(10.9) Polearms
 - Level 5.0 Armour
   Level 4.2 Shields
 + Level 5.6 Invocations


You had 10 spell levels left.
You didn't know any spells.
Your spell library contained the following spells:

 Spells                   Type           Power        Failure   Level  Hunger
 Magic Dart               Conj           #...         100%        1    N/A
 Blink                    Tloc           N/A          100%        2    N/A
 Call Imp                 Summ           #.......     100%        2    N/A
 Slow                     Hex            #.......     100%        2    N/A
 Conjure Flame            Conj/Fire      #.......     100%        3    N/A
 Mephitic Cloud           Conj/Pois/Air  #.......     100%        3    N/A
 Bolt of Magma            Conj/Fire/Erth #.........   100%        5    N/A
 Iskenderun's Battlesphe  Conj/Chrm      #.......     100%        5    N/A
 Iron Shot                Conj/Erth      #.........   100%        6    N/A
 Orb of Destruction       Conj           #.........   100%        7    N/A
 Spellforged Servitor     Conj/Summ      #.........   100%        7    N/A

Dungeon Overview and Level Annotations

Branches:
Dungeon (11/15)            Temple (1/1) D:6            Lair (0/6) D:9
    Orc (0/2) D:9

Altars:
Ashenzari
Cheibriados
Dithmenos
Elyvilon
Fedhas
Gozag
Hepliaklqana
Kikubaaqudgha
Makhleb
Nemelex Xobeh
Okawaru
Qazlal
Ru
Sif Muna
Trog
Uskayaw
Vehumet
Wu Jian
Xom
Yredelemnul
Zin
The Shining One

Shops:
D:6 (

Portals:
Abyss: D:6

Annotations:
D:4 2 transporters
D:6 2 transporters, DogServant's ghost, novice GrFi
D:8 Harold
D:11 Josephine


Innate Abilities, Weirdness & Mutations

You do not eat or drink.
Your flesh is vulnerable to fire.
You are immune to poison.
Your flesh is cold resistant. (rC+)
You are immune to negative energy. (rN+++)
You are immune to unholy pain and torment.
You can survive without breathing.


Message History

The killer bee stings you but does no damage.
The killer bee barely misses you.
You closely miss the killer bee.
The killer bee is heavily wounded.
The killer bee stings you but does no damage.
The killer bee closely misses you.
Spoiler Alert: The killer bee is very fast!
You slice the killer bee!!
Lightning courses through the killer bee!!
You kill the killer bee!
Okawaru accepts your kill.
No target in view!
No target in view!
HP restored.
Found a stone staircase leading up.
Health restored: 79 A wraith comes into view.
Spoiler Alert: The wraith can slow you in melee!
A wraith is nearby!
A wraith comes into view.
Warning x2: The wraith can slow you in melee! x2
A wraith and Josephine come into view.
Josephine is wielding a +0 dagger and wearing a +2 robe of resistance.
Josephine shouts!
A wraith comes into view.
Danger x5: wraith x3, Josephine, wraith (wandering)!
Unknown command.
Lua error: [string "/dgldir/rcfiles/crawl-git/Mgcat.rc"]:938: invalid capture index Danger x5: Josephine, wraith x4!
Danger x4: Josephine, wraith x3!
Warning x3: Josephine can cast Animate Dead!
The wraith can slow you in melee! x2
Attack whom?
Press: ? - help, Dir - move target cursor, f - wraith
Aim: a wraith You reach to attack!
You barely miss the wraith.
Warning x2: The wraith can slow you in melee! x2
You slash the wraith!
The wraith is heavily damaged.
The wraith hits you but does no damage.
Warning x3: The wraith can slow you in melee! x3
You slice the wraith!!
You destroy the wraith!
Okawaru accepts your kill. The wraith barely misses you.
Warning x3: Josephine can cast Animate Dead!
The wraith can slow you in melee! x2
You closely miss the wraith. The wraith hits you but does no damage.
Warning x2: The wraith can slow you in melee! x2
You barely miss the wraith. The wraith barely misses you.
Warning x3: Josephine can cast Animate Dead!
The wraith can slow you in melee! x2
You barely miss the wraith.
The wraith hits you but does no damage. x2
Danger x4: wraith x3, Josephine!
You closely miss the wraith. The wraith hits you!
The wraith drains your vigour!
You feel yourself slow down.
You take 10 damage, and have 69/79 hp.
Danger x4: Josephine, wraith x3!
Attack whom?
Press: ? - help, Dir - move target cursor, f - Josephine
Aim: Josephine, wielding a +0 dagger and wearing a +2 robe of resistance The wraith is in the way.
You slash the wraith!
The wraith is moderately damaged.
The wraith hits you but does no damage. x2; The wraith barely misses you.
The wraith hits you but does no damage. x2
Danger x4: wraith x3, Josephine!
Attack whom?
Press: ? - help, Dir - move target cursor, f/p - Josephine
Aim: Josephine, wielding a +0 dagger and wearing a +2 robe of resistance You slice Josephine!!
Josephine is heavily wounded.
You hear an angry buzzing noise. x2
A killer bee comes into view.
The wraith hits you but does no damage. x2
Josephine hits you but does no damage.
The wraith hits you but does no damage. x2
You hear an angry buzzing noise.
Danger x5: killer bee, Josephine, wraith x3!
Attack whom?
Press: ? - help, Dir - move target cursor, f/p - Josephine
Aim: Josephine, wielding a +0 dagger and wearing a +2 robe of resistance (heavily wounded)
You cut Josephine into ribbons!!!
Josephine is almost dead.
Josephine grins malevolently.
Josephine points at you and mumbles some strange words.
You convulse!
The wraith barely misses you. The wraith closely misses you.
Josephine hits you with a +0 dagger.
You take 34 damage, and have 36/79 hp.
MASSIVE DAMAGE!!
Danger x5: killer bee, Josephine, wraith x3!
Attack whom?
Press: ? - help, Dir - move target cursor, f/p - Josephine
Aim: Josephine, wielding a +0 dagger and wearing a +2 robe of resistance (almost dead)
You barely miss Josephine.
Josephine is almost dead.
You feel yourself speed up. The wraith hits you but does no damage.
The wraith completely misses you. Josephine casts a spell at you.
You convulse!
* * * LOW HITPOINT WARNING * * *
The wraith closely misses you. The wraith hits you but does no damage.
Josephine gestures at you while chanting.
You convulse!
You die...

....#....#..#.![..
#..#.......#....# ###
#..........#....# #..
#.......#..#....# #..
#.......#.......# #..
#...............#
....#.<
####.....Wy..>..#
....#.. #....#@W.....#
...#.. #....#@W#....#
#..###
#....#..#....#####.....
######..#....#.........
#..#....#.........
#..#....#.........
#..#........#.....
...#........#..#..
#<.######...#..#..
#...#..#..


You could see Josephine, 3 wraiths and a killer bee.

Vanquished Creatures
  A wolf spider (D:10)
  Maurice (D:8)
  2 trolls (D:10)
  Prince Ribbit (D:8)
  A hornet (D:10)
  A hippogriff (D:10)
  A wraith (D:11)
  3 wyverns
  2 black bears (D:9)
  2 porcupines (D:9)
  4 sky beasts
  3 ice beasts
  8 orc warriors
  2 phantoms
  4 ogres
  7 centaurs
  A big kobold (D:8)
  6 bullfrogs
  A scorpion (D:8)
  A wight (D:6)
  4 killer bees
  4 howler monkeys
  A centaur zombie (D:9)
  2 bullfrog zombies
  4 crimson imps
  A quasit (D:10)
  4 hounds
  A jelly (D:8)
  17 orc wizards
  3 orc priests
  3 centaur skeletons
  3 iguanas
  6 worker ants
  2 hound skeletons
  2 worker ant zombies
  8 gnolls
  17 adders
  A shadow imp (D:11)
  2 oozes (D:2)
  An adder skeleton (D:7)
  3 worms
  3 leopard geckos
  52 orcs
  5 giant cockroaches
  8 hobgoblins
  4 jackals
  19 kobolds
  A quokka (D:10)
  A ball python (D:2)
  A ball python zombie (D:3)
  11 bats
  4 frilled lizards
  6 goblins
  A jackal zombie (D:5)
  6 rats
263 creatures vanquished.

Vanquished Creatures (others)
  A human (D:5)
  4 fungi (D:9)
  3 plants (D:9)
8 creatures vanquished.

Grand Total: 271 creatures vanquished

Notes
Turn   | Place    | Note
-------+----------+-------------------------------------------
     0 | D:1      | Mgcat the Mummy Fighter began the quest for the Orb.
     0 | D:1      | Reached XP level 1. HP: 18/18 MP: 1/1
    85 | D:1      | Reached XP level 2. HP: 21/24 MP: 2/2
   188 | D:1      | Reached skill level 2 in Axes
   447 | D:1      | Reached XP level 3. HP: 25/29 MP: 3/3
   569 | D:2      | Reached XP level 4. HP: 28/35 MP: 4/4
   669 | D:2      | Found a sparkling altar of Nemelex Xobeh.
   669 | D:2      | Found a sacrificial altar of Ru.
   731 | D:2      | Found a radiant altar of Vehumet.
  1187 | D:3      | Reached skill level 3 in Armour
  1206 | D:3      | Reached skill level 3 in Shields
  1275 | D:3      | Reached skill level 3 in Axes
  1275 | D:3      | Reached XP level 5. HP: 35/42 MP: 5/5
  2274 | D:4      | Found a transporter.
  2288 | D:4      | Found a transporter.
  2345 | D:4      | Reached skill level 4 in Fighting
  2345 | D:4      | Reached XP level 6. HP: 48/48 MP: 6/6
  2450 | D:4      | HP: 12/48 [phantom (3)]
  2860 | D:4      | Reached skill level 4 in Axes
  3443 | D:5      | Entered Level 5 of the Dungeon
  3448 | D:5      | Reached XP level 7. HP: 55/55 MP: 7/7
  3451 | D:5      | Found an ancient bone altar of Kikubaaqudgha.
  3454 | D:5      | Noticed a human
  3457 | D:5      | Killed a human
  3494 | D:5      | HP: 13/55 [orc/boomerang (3)]
  3935 | D:5      | Reached skill level 4 in Armour
  4023 | D:5      | Reached skill level 4 in Shields
  4368 | D:6      | Found a transporter.
  4372 | D:6      | Found a transporter.
  4403 | D:6      | Noticed a small abomination
  4410 | D:6      | Found Qeduomeq's Antique Weapon Boutique.
  4438 | D:6      | Bought an encrusted hand axe for 248 gold pieces
  4438 | D:6      | Identified the +6 hand axe of Bikiot {chaos, Int+4} (You
                  | bought it in a shop on level 6 of the Dungeon)
  4488 | D:6      | HP: 8/55 [something (8)]
  4501 | D:5      | Reached skill level 5 in Fighting
  4501 | D:5      | Reached skill level 5 in Axes
  4788 | D:6      | Reached XP level 8. HP: 50/62 MP: 8/8
  4803 | D:6      | Found the +8 glaive of the Guard {elec, +Rage AC+5 SInv}
  5044 | D:6      | Found a one-way gate to the infinite horrors of the Abyss.
  5048 | D:6      | Noticed DogServant's ghost (novice GrFi)
  5271 | D:6      | Found a staircase to the Ecumenical Temple.
  5355 | D:6      | Noticed a raiju
  5487 | Temple   | Entered the Ecumenical Temple
  5593 | Temple   | Became a worshipper of Warmaster Okawaru
  5699 | D:7      | Reached skill level 5 in Armour
  5756 | D:7      | Reached skill level 1 in Polearms
  5773 | D:7      | Reached skill level 1 in Invocations
  5929 | D:7      | Reached * piety under Okawaru
  5929 | D:7      | Reached skill level 2 in Polearms
  5929 | D:7      | Reached skill level 2 in Invocations
  5999 | D:7      | Reached skill level 3 in Invocations
  6018 | D:7      | Reached skill level 3 in Polearms
  7683 | D:7      | Reached XP level 9. HP: 68/68 MP: 11/11
  7850 | D:8      | Reached skill level 4 in Invocations
  8143 | D:8      | Found a shadowy altar of Dithmenos.
  8143 | D:8      | Noticed Harold
  8189 | D:8      | Reached ** piety under Okawaru
  8189 | D:8      | Reached skill level 4 in Polearms
  8319 | D:8      | Noticed Prince Ribbit
  8331 | D:8      | Reached skill level 5 in Invocations
  8374 | D:8      | Reached skill level 5 in Polearms
  8383 | D:8      | Found a hide-covered altar of Uskayaw.
  8441 | D:8      | Noticed Maurice
  8458 | D:8      | Killed Maurice
  8458 | D:8      | Reached *** piety under Okawaru
  8497 | D:8      | Killed Prince Ribbit
  8497 | D:8      | Reached skill level 6 in Polearms
  8716 | D:9      | Found a staircase to the Orcish Mines.
  8742 | D:9      | Reached skill level 7 in Polearms
  8887 | D:9      | Reached XP level 10. HP: 66/74 MP: 13/13
  8976 | D:9      | Reached **** piety under Okawaru
  9015 | D:9      | Reached skill level 8 in Polearms
  9204 | D:9      | Found an ornate altar of the Wu Jian Council.
  9257 | D:9      | Found a staircase to the Lair.
  9472 | D:10     | Entered Level 10 of the Dungeon
  9477 | D:10     | Reached skill level 9 in Polearms
  9572 | D:10     | Noticed a wolf spider
  9701 | D:10     | Killed a wolf spider
  9709 | D:10     | Reached ***** piety under Okawaru
  9728 | D:10     | Reached skill level 10 in Polearms
 10247 | D:11     | Received a gift from Okawaru
 10327 | D:11     | Reached XP level 11. HP: 79/79 MP: 15/15
 10414 | D:11     | Noticed Josephine
 10431 | D:11     | HP: 3/79 [Josephine/dispel undead (33)]
 10431 | D:11     | Killed from afar by Josephine

Levels and vault maps discovered:
D:1:      scummos_arrival_hexagon, layout_rooms, minmay_misc_feat_room
D:2:      layout_rooms, gammafunk_temple_overflow_pools, vehumet_crystals
D:3:      layout_basic, first_ration, portal_sewer_entry_d
D:4:      gammafunk_steamed_eel, layout_basic, kennysheep_cluttered_room
D:5:      layout_rooms, tgw_kikubaaqudgha
D:6:      layout_layer_cave, minmay_temple_entry_ruins, serial_shops,
          shop_coins, gammafunk_ghost_abyssal_escape, minmay_misc_feat_cross,
          minmay_misc_feat_roman, minivault_27
D:7:      nicolae_whirlpool, layout_basic
D:8:      layout_basic, old_standard_altar, nicolae_overflow_hidden_temple,
          uniq_prince_ribbit1, uniq_harold, uniq_maurice
D:9:      layout_roguey, grunt_lair_entry_orc_guard_hut, david_orc_2,
          basic_altar
D:10:     layout_long_grid, serial_rivers, chequers_serial_rivers_small_a,
          chequers_serial_rivers_marsh, chequers_serial_rivers_micro_e,
          chequers_serial_rivers_small_a
D:11:     layout_grid_maze, uniq_josephine
Temple:   minmay_crystal_spiral_temple

Skill      XL: |  1  2  3  4  5  6  7  8  9 10 |
---------------+-------------------------------+-----
Axes           | 2 3 4 5 |  5.2
Armour         | 3 4 5 |  5.0
Shields        | 3 4 |  4.2
Fighting       | 4 5 |  5.0
Polearms       | 3 7 10 | 10.4
Invocations    | 3 5 |  5.6

Action                   |  1- 3 |  4- 6 |  7- 9 | 10-12 || total
-------------------------+-------+-------+-------+-------++-------
Melee: War axe           |   123 |   305 |    82 |       ||   510
       Hand axe          |       |       |    38 |       ||    38
       Glaive            |       |       |   222 |   174 ||   396
Evoke: Wand              |       |       |     1 |     4 ||     5
  Use: Scroll            |       |       |    12 |     2 ||    14
 Stab: Confused          |       |       |     1 |       ||     1
Armor: Scale mail        |    83 |    16 |       |       ||    99
       Plate armour      |       |   204 |   271 |   120 ||   595
Dodge: Dodged            |    46 |    55 |    97 |    39 ||   237
Block: Kite shield       |    73 |   165 |    58 |       ||   296

Table legend:
 A = Non-vault XP
 B = Vault XP
 C = Vault XP percentage of total XP
 D = Non-vault monster count
 E = Vault monster count
 F = Vault count percentage of total count
                 A         B        C        D         E       F
            +---------+---------+-------+---------+---------+-------
      Total |    9110 |    2340 |  20.4 |     243 |      20 |   7.6
            +---------+---------+-------+---------+---------+-------
        D:1 |      48 |       0 |   0.0 |      25 |       0 |   0.0
        D:2 |      97 |       0 |   0.0 |      25 |       0 |   0.0
        D:3 |     131 |      13 |   9.0 |      25 |       1 |   3.8
        D:4 |     439 |       0 |   0.0 |      17 |       0 |   0.0
        D:5 |     543 |       0 |   0.0 |      21 |       0 |   0.0
        D:6 |     443 |       0 |   0.0 |      15 |       0 |   0.0
        D:7 |     810 |     326 |  28.7 |      24 |       3 |  11.1
        D:8 |    1095 |     744 |  40.5 |      27 |       2 |   6.9
        D:9 |    1774 |    1052 |  37.2 |      29 |      13 |  31.0
       D:10 |    3033 |       0 |   0.0 |      27 |       0 |   0.0
       D:11 |     697 |     205 |  22.7 |       8 |       1 |  11.1
            +---------+---------+-------+---------+---------+-------

Levels and vault maps discovered:
D:1:      scummos_arrival_hexagon, layout_rooms, minmay_misc_feat_room
D:2:      layout_rooms, gammafunk_temple_overflow_pools, vehumet_crystals
D:3:      layout_basic, first_ration, portal_sewer_entry_d
D:4:      gammafunk_steamed_eel, layout_basic, kennysheep_cluttered_room
D:5:      layout_rooms, tgw_kikubaaqudgha
D:6:      layout_layer_cave, minmay_temple_entry_ruins, serial_shops,
          shop_coins, gammafunk_ghost_abyssal_escape, minmay_misc_feat_cross,
          minmay_misc_feat_roman, minivault_27
D:7:      nicolae_whirlpool, layout_basic
D:8:      layout_basic, old_standard_altar, nicolae_overflow_hidden_temple,
          uniq_prince_ribbit1, uniq_harold, uniq_maurice
D:9:      layout_roguey, grunt_lair_entry_orc_guard_hut, david_orc_2,
          basic_altar
D:10:     layout_long_grid, serial_rivers, chequers_serial_rivers_small_a,
          chequers_serial_rivers_marsh, chequers_serial_rivers_micro_e,
          chequers_serial_rivers_small_a
D:11:     layout_grid_maze, uniq_josephine
Temple:   minmay_crystal_spiral_temple

Table legend:
 A = Turns spent in this place as a percentage of turns spent in the entire game.
 B = Non-inter-level travel turns spent in this place as a percentage of non-inter-level travel turns spent in the entire game.
 C = Inter-level travel turns spent in this place as a percentage of turns spent in this place.
 D = Turns resting spent in this place as a percentage of non-inter-level travel turns spent in this place.
 E = Turns spent auto-exploring this place as a percentage of non-inter-level travel turns spent in this place.
 F = Non-inter-level travel turns spent in this place divided by the number of levels of this place that you've seen.
                   A       B       C       D       E      F
               +-------+-------+-------+-------+-------+----------------------
         Total | 100.0 | 100.0 |   5.2 |  26.0 |  54.2 | 824.4
       Dungeon |  98.4 |  99.1 |   4.4 |  26.2 |  53.8 | 891.5
        Temple |   1.6 |   0.9 |  49.4 |   0.0 |  96.6 |  87.0
               +-------+-------+-------+-------+-------+----------------------

Table legend:
 A = Kills in this place as a percentage of kills in entire the game.
 B = Kills by you in this place as a percentage of kills by you in the entire game.
 C = Kills by friends in this place as a percentage of kills by friends in the entire game.
 D = Other kills in this place as a percentage of other kills in the entire game.
 E = Experience gained in this place as a percentage of experience gained in the entire game.
 F = Experience gained in this place divided by the number of levels of this place that you have seen.
                   A       B       C       D       E      F
               +-------+-------+-------+-------+-------+----------------------
         Total | 100.0 | 100.0 |   N/A |   N/A | 100.0 | 954.2
       Dungeon | 100.0 | 100.0 |   N/A |   N/A | 100.0 | 1040.9
               +-------+-------+-------+-------+-------+----------------------
